 Dungeon Crawl Stone Soup version 0.19-a0-1008-g4c63d25 (webtiles) character file.

20466 Muumios the Fighter (level 12, -3/99 HPs)
             Began as a Mummy Venom Mage on July 23, 2016.
             Was a High Priest of Vehumet.
             Slain by a six-headed hydra (10 damage)
             ... on level 6 of the Lair of Beasts.
             The game lasted 00:34:07 (13810 turns).

Muumios the Fighter (Mummy Venom Mage)             Turns: 13810, Time: 00:34:07

Health: -3/99      AC: 13    Str: 13    XL:     12   Next: 45%
Magic:  15/15      EV: 13    Int: 23    God:    Vehumet [*****.]
Gold:   1149       SH:  0    Dex: 16    Spells: 4 memorised, 0 levels left

rFire  x . .     SeeInvis .     j - +10 long sword of the Ageless Lies {pain, Int+5 Dex+4}
rCold  + + .     Gourm    .     a - +2 robe
rNeg   + + +     Faith    .     (no shield)
rPois  ∞         Spirit   .     g - +2 helmet
rElec  .         Dismiss  .     (no cloak)
rCorr  +         Reflect  .     p - +2 pair of gloves
SustAt .         Harm     .     x - +2 pair of boots
MR     +....                    (no amulet)
Stlth  ++........               l - ring of protection from cold
                                e - ring of resist corrosion

@: very slightly contaminated, somewhat resistant to hostile enchantments,
unstealthy
A: no food or potions, fire vulnerability, cold resistance 1, negative energy
resistance 3, torment resistance, unbreathing
a: Renounce Religion


You were on level 6 of the Lair of Beasts.
You worshipped Vehumet.
Vehumet was extremely pleased with you.
You were not hungry.

You visited 3 branches of the dungeon, and saw 20 of its levels.

You collected 1149 gold pieces.

Inventory:

Hand Weapons
 d - a +1 whip of slashing
 j - the +10 long sword of the Ageless Lies (weapon) {pain, Int+5 Dex+4}
   (You found it on level 4 of the Dungeon)

   In the hands of one skilled in necromantic magic, it inflicts extra damage on
   living creatures.
   It affects your intelligence (+5).
   It affects your dexterity (+4).
 k - a +0 whip of venom
Missiles
 q - 3 curare-tipped needles
Armour
 a - a +2 robe (worn)
 g - a +2 helmet (worn)
 p - a +2 pair of gloves (worn)
 x - a +2 pair of boots (worn)
Jewellery
 e - a ring of resist corrosion (left hand)
 l - a ring of protection from cold (right hand)
 v - an uncursed ring of fire
Wands
 h - a wand of flame (3/48)
 i - a wand of teleportation (0/9)
 r - a wand of iceblast (0/15)
 y - a wand of iceblast (7/15)
Scrolls
 c - 8 scrolls of remove curse
 f - 9 scrolls of identify
 n - 2 scrolls of fog
Books
 b - a Young Poisoner's Handbook

   Spells                             Type                      Level
   a - Sting                          Conjuration/Poison           1
   b - Mephitic Cloud                 Conjuration/Poison/Air       3
   c - Olgreb's Toxic Radiance        Poison                       4
   d - Alistair's Intoxication        Transmutation/Poison         5
   e - Venom Bolt                     Conjuration/Poison           5
 m - a book of the Dragon

   Spells                             Type                      Level
   a - Flame Tongue                   Conjuration/Fire             1
   b - Cause Fear                     Hexes                        4
   c - Bolt of Fire                   Conjuration/Fire             6
   d - Dragon Form                    Transmutation                7
   e - Dragon's Call                  Summoning                    9
 o - a Fen Folio

   Spells                             Type                      Level
   a - Corpse Rot                     Necromancy                   2
   b - Stone Arrow                    Conjuration/Earth            3
   c - Leda's Liquefaction            Hexes/Earth                  4
   d - Summon Forest                  Summoning/Translocation      5
   e - Hydra Form                     Transmutation                6
   f - Summon Hydra                   Summoning                    7
 s - the Disquisition on Sinister Arts and Earth
   (You found it on level 3 of the Lair of Beasts)

   Spells                             Type                      Level
   a - Bolt of Draining               Conjuration/Necromancy       5
   b - Bolt of Magma                  Conjuration/Fire/Earth       5
   c - Agony                          Necromancy                   5
   d - Cigotuvi's Embrace             Necromancy                   5
 t - a book of the Sky

   Spells                             Type                      Level
   a - Summon Lightning Spire         Summoning/Air                4
   b - Airstrike                      Air                          4
   c - Silence                        Hexes/Air                    5
   d - Deflect Missiles               Charms/Air                   6
   e - Conjure Ball Lightning         Conjuration/Air              6
   f - Tornado                        Air                          9
 u - a book of Cantrips

   Spells                             Type                      Level
   a - Confusing Touch                Hexes                        1
   b - Animate Skeleton               Necromancy                   1
   c - Summon Small Mammal            Summoning                    1
   d - Apportation                    Translocation                1
 w - a Necronomicon

   Spells                             Type                      Level
   a - Haunt                          Necromancy/Summoning         7
   b - Borgnjor's Revivification      Necromancy                   8
   c - Death's Door                   Charms/Necromancy            8
   d - Infestation                    Necromancy                   8
   e - Necromutation                  Transmutation/Necromancy     8
 z - a book of Summonings

   Spells                             Type                      Level
   a - Recall                         Summoning/Translocation      3
   b - Aura of Abjuration             Summoning                    5
   c - Summon Demon                   Summoning                    5
   d - Summon Forest                  Summoning/Translocation      5
   e - Summon Mana Viper              Hexes/Summoning              5
   f - Shadow Creatures               Summoning                    6
 A - an Akashic Record

   Spells                             Type                      Level
   a - Dispersal                      Translocation                6
   b - Malign Gateway                 Summoning/Translocation      7
   c - Disjunction                    Translocation                8
   d - Controlled Blink               Translocation                8
 C - a book of Geomancy

   Spells                             Type                      Level
   a - Sandblast                      Earth                        1
   b - Passwall                       Transmutation/Earth          2
   c - Stone Arrow                    Conjuration/Earth            3
   d - Petrify                        Transmutation/Earth          4
   e - Lee's Rapid Deconstruction     Earth                        5


   Skills:
 * Level 10.7 Fighting
 * Level 8.8 Long Blades
 * Level 8.2 Dodging
 - Level 1.5 Stealth
 - Level 2.0 Spellcasting
 * Level 9.4 Necromancy
 - Level 6.0 Poison Magic


You couldn't memorise any spells.
You knew the following spells:

 Your Spells              Type           Power        Failure   Level  Hunger
a - Iron Shot             Conj/Erth      #.........   100%        6    N/A
b - Olgreb's Toxic Radia  Pois           ####....     3%          4    N/A
c - Mephitic Cloud        Conj/Pois/Air  ##......     4%          3    N/A
d - Corpse Rot            Necr           N/A          1%          2    N/A

Dungeon Overview and Level Annotations

Branches:
Dungeon (12/15)            Temple (0/1) D:7            Lair (6/6) D:11
    Orc (2/2) D:12
  Swamp: Lair:2-4    Shoals: Lair:2-4     Snake: Lair:2-4    Spider: Lair:2-4
  Slime: Lair:5-6       Elf: Orc:2

Altars:
Dithmenos
Elyvilon
Kikubaaqudgha
Pakellas
Qazlal
Sif Muna
Vehumet
Xom

Shops:
D:3 }   D:6 %   D:10 (

Portals:
Volcano: Lair:2

Annotations:
D:2 Ijyb
D:5 Dowan, Duvessa, Grinder, Sigmund
D:11 exclusion: oklob plant
Lair:1 clown's ghost, journeyman HOMo
Lair:3 Urug
Orc:2 Maurice


Innate Abilities, Weirdness & Mutations

You do not eat or drink.
Your flesh is vulnerable to fire.
You are immune to poison.
Your flesh is cold resistant. (rC+)
You are immune to negative energy. (rN+++)
You are immune to unholy pain and torment.
You can survive without breathing.


Message History

Found an escape hatch in the ceiling.
A polar bear comes into view.
The polar bear moves out of view.
A griffon comes into view.
The griffon screeches!
Okay, then.
You can't drink.
Unknown command.
Okay, then.
Saving game... please wait.
Welcome back, Muumios the Mummy Venom Mage.
Vehumet says: Let it end in hellfire!
Press ? for a list of commands and other information.
Unknown command.
The blink frog croaks.
The polar bear growls angrily.
There is an escape hatch in the ceiling here.
The six-headed hydra barely misses you. The six-headed hydra bites you.
* * * LOW HITPOINT WARNING * * *
The six-headed hydra bites you!
You die...

..................##..........
...........#.......#..........
..P.[...##...................†
.......................#......
....#.........................
.........t.Y..............YY..
...........Y.Y............Y...
............D..............Y..
.............@h...............
.............H................
..............F......).......
............................
...........................
..........................
................ ......
............... .......
......F


You could see a six-headed hydra, a griffon, a polar bear, a blink frog, a
crocodile and 3 sheep.

Vanquished Creatures
  An unseen horror (D:11)
  Pikel (D:4)
  A hill giant (D:11)
  2 orc sorcerers (Orc:1)
  2 manticores
  2 black mambas
  A gargoyle (D:11)
  5 spiny frogs
  A komodo dragon (Lair:1)
  A troll (D:8)
  2 two-headed ogres
  9 blink frogs (Lair:6)
  A shadow (D:12)
  2 wyverns
  A steam dragon (D:12)
  24 yaks
  A hungry ghost (D:10)
  A basilisk (Lair:4)
  6 hippogriffs
  5 wargs
  A soldier ant (Lair:5)
  7 water moccasins
  Edmund (D:5)
  2 porcupines
  An ice beast (D:10)
  A sky beast (D:11)
  A wasp (D:11)
  A black bear (Lair:2)
  11 orc warriors
  4 ogres
  A necrophage (D:8)
  4 centaurs
  2 crocodiles
  3 big kobolds
  9 giant frogs
  A wyvern zombie (D:11)
  3 scorpions
  A wyvern skeleton (D:8)
  18 killer bees
  4 crimson imps
  2 centaur zombies
  5 hounds
  9 orc priests
  A giant frog skeleton (D:8)
  2 centaur skeletons
  4 iguanas
  10 orc wizards
  9 worker ants
  5 sheep
  A killer bee zombie (D:5)
  A hound zombie (D:7)
  A worker ant zombie (D:9)
  Robin (D:2)
  3 gnolls (D:10)
  10 adders
  7 river rats (Lair:3)
  4 shadow imps
  2 worms (D:3)
  4 dart slugs
  3 giant geckos
  33 orcs
  2 giant cockroaches
  15 goblins
  10 hobgoblins
  7 jackals
  13 kobolds
  3 quokkas
  2 bats
  2 giant newts
  2 quokka skeletons
  6 rats
  A butterfly (Lair:3)
325 creatures vanquished.

Vanquished Creatures (others)
  A giant frog (D:6)
  A quokka (D:6)
  2 fungi (Lair:6)
  4 plants
8 creatures vanquished.

Grand Total: 333 creatures vanquished

Notes
Turn   | Place    | Note
-------+----------+-------------------------------------------
     0 | D:1      | Muumios the Mummy Venom Mage began the quest for the Orb.
     0 | D:1      | Reached XP level 1. HP: 13/13 MP: 3/3
   866 | D:1      | Reached skill level 1 in Fighting
   866 | D:1      | Reached XP level 2. HP: 15/21 MP: 0/5
  1182 | D:2      | Reached skill level 2 in Fighting
  1182 | D:2      | Reached XP level 3. HP: 14/27 MP: 0/6
  1503 | D:2      | Noticed Robin
  1538 | D:2      | Reached XP level 4. HP: 34/34 MP: 1/7
  1620 | D:2      | Killed Robin
  1691 | D:2      | Found a stormy altar of Qazlal.
  1866 | D:2      | Noticed Ijyb
  1933 | D:3      | Learned a level 4 spell: Olgreb's Toxic Radiance
  1986 | D:3      | Found a white marble altar of Elyvilon.
  2331 | D:3      | Found an oddly glowing altar of Pakellas.
  2331 | D:3      | Found Pakellas's Prime Provisions.
  2405 | D:3      | Found a radiant altar of Vehumet.
  2436 | D:4      | Noticed Pikel
  2436 | D:4      | Noticed a slave
  2436 | D:4      | Noticed a slave
  2436 | D:4      | Noticed an ogre
  2437 | D:4      | Noticed a slave
  2438 | D:4      | Noticed a slave
  2441 | D:4      | Noticed Grinder
  2505 | D:4      | Reached skill level 3 in Fighting
  2505 | D:4      | Reached XP level 5. HP: 30/41 MP: 3/8
  2522 | D:4      | Found an ancient bone altar of Kikubaaqudgha.
  2526 | D:4      | Got a jewelled long sword
  2548 | D:4      | Identified the +10 long sword of the Ageless Lies {pain, Int+5 Dex+4} (You found it on level 4 of the Dungeon)
  2727 | D:5      | Entered Level 5 of the Dungeon
  2782 | D:5      | Noticed Duvessa
  2782 | D:5      | Noticed Dowan
  2849 | D:4      | Killed Pikel
  2849 | D:4      | Reached skill level 4 in Fighting
  2849 | D:4      | Reached skill level 5 in Poison Magic
  2849 | D:4      | Reached XP level 6. HP: 42/49 MP: 7/9
  2849 | D:4      | Reached XP level 7. HP: 47/55 MP: 7/10
  3286 | D:3      | Became a worshipper of Vehumet
  3341 | D:5      | Noticed Sigmund
  3378 | D:5      | Found a shimmering altar of Xom.
  3387 | D:5      | Reached skill level 5 in Fighting
  3427 | D:5      | Noticed Edmund
  3443 | D:5      | Killed Edmund
  3466 | D:6      | Found Haohijum's Food Emporium.
  3481 | D:6      | Reached XP level 8. HP: 38/62 MP: 9/11
  3498 | D:6      | Learned a level 3 spell: Mephitic Cloud
  3765 | D:6      | Learned a level 2 spell: Corpse Rot
  4006 | D:7      | Reached skill level 1 in Necromancy
  4020 | D:7      | Found a staircase to the Ecumenical Temple.
  4076 | D:7      | Reached * piety under Vehumet
  4076 | D:7      | Offered knowledge of Shock by Vehumet.
  5092 | D:8      | Noticed a hill giant
  5430 | D:8      | Found a deep blue altar of Sif Muna.
  5445 | D:8      | Reached skill level 6 in Fighting
  5603 | D:8      | Noticed a troll
  5620 | D:8      | Killed a troll
  5871 | D:8      | Found a stormy altar of Qazlal.
  5874 | D:8      | Noticed an air elemental
  5893 | D:8      | Reached XP level 9. HP: 40/71 MP: 3/12
  5910 | D:8      | Reached ** piety under Vehumet
  5917 | D:8      | Offered knowledge of Sandblast by Vehumet.
  6704 | D:7      | Reached skill level 5 in Long Blades
  6911 | D:7      | Reached skill level 7 in Fighting
  7655 | D:8      | Reached skill level 5 in Necromancy
  7895 | D:9      | Noticed a hill giant
  7931 | D:10     | Entered Level 10 of the Dungeon
  7973 | D:10     | Offered knowledge of Inner Flame by Vehumet.
  7986 | D:10     | Reached XP level 10. HP: 55/79 MP: 13/13
  8183 | D:10     | Noticed a hill giant
  8184 | D:10     | Found Xiphuv's Weapon Shoppe.
  8307 | D:10     | Reached *** piety under Vehumet
  8312 | D:10     | Reached skill level 5 in Dodging
  8758 | D:10     | Reached skill level 8 in Fighting
  8875 | D:11     | Killed a hill giant
  8880 | D:11     | Offered knowledge of Dazzling Spray by Vehumet.
  9130 | D:11     | Found a staircase to the Lair.
  9287 | D:11     | Noticed a gargoyle
  9334 | D:11     | Killed a gargoyle
  9377 | D:11     | Reached **** piety under Vehumet
  9383 | D:11     | Noticed an oklob plant
  9962 | D:12     | Offered knowledge of Conjure Flame by Vehumet.
 10113 | D:12     | Noticed a manticore
 10138 | D:12     | Killed a manticore
 10138 | D:12     | Reached XP level 11. HP: 87/87 MP: 9/14
 10603 | Lair:1   | Entered Level 1 of the Lair of Beasts
 10622 | D:11     | Reached skill level 9 in Fighting
 10843 | Lair:1   | Noticed clown's ghost (journeyman HOMo)
 10985 | D:11     | Killed an unseen horror
 11386 | D:12     | Found a shadowy altar of Dithmenos.
 11479 | D:12     | Found a staircase to the Orcish Mines.
 11893 | Orc:1    | Entered Level 1 of the Orcish Mines
 11894 | Orc:1    | Noticed an orc sorcerer
 12010 | Orc:1    | Killed an orc sorcerer
 12170 | Orc:1    | Noticed an orc sorcerer
 12188 | Orc:1    | Killed an orc sorcerer
 12365 | Orc:2    | Entered Level 2 of the Orcish Mines
 12365 | Orc:2    | Noticed Maurice
 12542 | Lair:1   | Noticed an eight-headed hydra
 12808 | Lair:2   | Found a dark tunnel.
 12827 | Lair:2   | You fall through a shaft!
 12925 | Lair:3   | Reached ***** piety under Vehumet
 12943 | Lair:3   | Reached skill level 10 in Fighting
 12946 | Lair:3   | Offered knowledge of Iron Shot by Vehumet.
 13147 | Lair:3   | Reached XP level 12. HP: 50/97 MP: 15/15
 13155 | Lair:3   | Learned a level 6 spell: Iron Shot
 13243 | Lair:3   | Identified the Disquisition on Sinister Arts and Earth
 13291 | Lair:3   | Noticed Urug
 13553 | Lair:4   | Noticed an eight-headed hydra
 13619 | Lair:5   | Noticed an entropy weaver
 13732 | Lair:6   | Entered Level 6 of the Lair of Beasts
 13775 | Lair:6   | Noticed a six-headed hydra
 13810 | Lair:6   | Slain by a six-headed hydra

Vault maps used:
D:1:      mainiacjoe_arrival_reflecting_pool, serial_co_window_serial,
          co_window_paths_a, co_window_corner_a, co_window_paths_a,
          co_window_corner_a, co_window_of_opportunity_a,
          co_window_unsneaky_path_e, co_window_2corner, co_window_broadway_c,
          co_window_corner_ca, co_window_paths_e, glass_columns_b,
          glass_columns_a, glass_columns_b, glass_columns_b, glass_columns_a
D:2:      overflow_temple_1_default, uniq_robin, uniq_crazy_yiuf_cottage,
          uniq_iyjb
D:3:      old_standard_altar, lemuel_doored_altar, st_stairs_8,
          johnstein_pakellas_shop
D:4:      overflow_temple_1_default, first_bread, uniq_pikel, uniq_grinder
D:5:      led_xom_imps, uniq_edmund, uniq_duvessa, uniq_sigmund
D:6:      serial_shops, nicolae_shop_waterfront, lemuel_flamethrower_2
D:8:      basic_altar, blue_anna_alchemist, nicolae_qazlal_style_of_elements
D:10:     serial_shops, shop
D:11:     erik_lair_orcish_takeover, dpeg_stationary_puzzle
D:12:     david_orc_1_choice, grunt_dithmenos_smoke
Lair:1:   grunt_megastairs_4, serial_bayou_shore_b
Lair:2:   minmay_shoals_entry_beasts, enter_volcano_3, st_stairs_5,
          lemuel_fruit_fields
Lair:3:   guppyfry_snake_entry_island, lemuel_fruit_fields, grunt_megastairs_3,
          uniq_urug
Lair:5:   minmay_another_anthill
Lair:6:   wormcave, hangedman_lair_caniforms_friends, dpeg_slime_entry_corner,
          uniq_nessos
Orc:1:    nicolae_orc_crystal_geode
Orc:2:    st_orc_ogre_mass, serial_shops, shop, uniq_maurice, uniq_erolcha

Skill      XL: |  1  2  3  4  5  6  7  8  9 10 11 12 |
---------------+-------------------------------------+-----
Fighting       | 1 2 3 4 5 6 7 8 10 | 10.7
Poison Magic   | 4 5 6 |  6.0
Long Blades    | 2 3 4 5 6 8 |  8.8
Necromancy     | 3 5 7 8 9 |  9.4
Dodging        | 3 4 6 7 8 |  8.2
Stealth        | |  1.5
Spellcasting   | |  2.0

Action                   |  1- 3 |  4- 6 |  7- 9 | 10-12 || total
-------------------------+-------+-------+-------+-------++-------
Melee: Whip              |    40 |    67 |       |       ||   107
       Long sword        |       |    21 |   299 |   524 ||   844
 Cast: Sting             |    50 |    43 |    41 |     2 ||   136
       Olgreb's Toxic Ra |       |       |    13 |    38 ||    51
       Mephitic Cloud    |       |       |       |     3 ||     3
Evoke: Wand              |       |     2 |     8 |     4 ||    14
  Use: Scroll            |     5 |     7 |     9 |    14 ||    35
 Stab: Sleeping          |       |     2 |     5 |     4 ||    11
       Confused          |       |       |       |     2 ||     2
Armor: Robe              |     4 |    18 |    57 |   146 ||   225
Dodge: Dodged            |    38 |    47 |   158 |   347 ||   590
